 Dungeon Crawl Stone Soup version 0.22-a0-284-g99d1f74 (webtiles) character file.

3987 galech the Cleaver (level 10, -13/77 HPs)
             Began as a Human Fighter on Mar 20, 2018.
             Was an Elder of Okawaru.
             Mangled by an orc warrior
             ... wielding a +0 glaive
              (24 damage)
             ... on level 8 of the Dungeon.
             The game lasted 00:22:29 (10824 turns).

galech the Cleaver (Human Fighter)                 Turns: 10824, Time: 00:22:29

Health: -13/77     AC: 14    Str: 17    XL:     10   Next: 46%
Magic:  12/12      EV:  5    Int:  9    God:    Okawaru [****..]
Gold:   487        SH: 11    Dex: 18    Spells: 9/9 levels left

rFire    + . .     SeeInvis .   a - +7 war axe
rCold    . . .     Gourm    .   c - +0 shield
rNeg     + . .     Faith    .   i - +0 plate armour
rPois    +         Spirit   .   o - +0 helmet
rElec    +         Reflect  .   (no cloak)
rCorr    .         Harm     +   (no gloves)
MR       .....                  (no boots)
Stlth    ..........             x - amulet of harm
HPRegen  0.22/turn              v - ring "Piug" {Wiz rElec rF+ rN+ Dex+3}
MPRegen  0.13/turn              w - ring of poison resistance

@: about to teleport
A: no striking features
a: Heroism, Renounce Religion


You were on level 8 of the Dungeon.
You worshipped Okawaru.
Okawaru was greatly pleased with you.
You were not hungry.

You visited 1 branch of the dungeon, and saw 8 of its levels.
You also visited: Ossuary.

You collected 487 gold pieces.

Inventory:

Hand Weapons
 a - a +7 war axe (weapon)
Armour
 c - a +0 shield (worn)
 i - a +0 plate armour (worn)
 o - a +0 helmet (worn)
Jewellery
 e - an uncursed ring of protection from fire
 l - an uncursed ring of fire
 q - a +2 ring of strength
 v - the ring "Piug" (left hand) {Wiz rElec rF+ rN+ Dex+3}
   (You found it on level 6 of the Dungeon)

   [ring of wizardry]

   It improves your spell success rate.
   It affects your dexterity (+3).
   It protects you from fire.
   It insulates you from electricity.
   It protects you from negative energy.
 w - a ring of poison resistance (right hand)
 x - an amulet of harm (around neck)
 K - an uncursed ring of see invisible
Scrolls
 g - a scroll of silence {unknown}
 j - a scroll of magic mapping
 m - 4 scrolls of remove curse
 n - 2 scrolls of amnesia
 p - 2 scrolls of random uselessness
 t - a scroll of teleportation
 z - a scroll of vulnerability {unknown}
 A - 2 scrolls of fear {unknown}
 G - a scroll of holy word {unknown}
 H - a scroll of immolation
 I - a scroll of noise
Potions
 b - a potion of mutation {unknown}
 d - a potion of might
 h - 2 potions of degeneration {unknown}
 k - 2 potions of curing
 r - 4 potions of agility
 s - a potion of flight
 u - a potion of magic {unknown}
 B - a potion of heal wounds {unknown}
 C - a potion of brilliance {unknown}
 D - a potion of ambrosia {unknown}
 E - a potion of lignification {unknown}
 F - a potion of cancellation {unknown}
Comestibles
 f - 15 rations


   Skills:
 + Level 6.6 Fighting
 + Level 8.9 Axes
 + Level 6.6 Armour
 + Level 3.8 Dodging
 - Level 0.4 Stealth
 + Level 6.8 Shields
 + Level 3.3 Invocations


You had 9 spell levels left.
You didn't know any spells.

Dungeon Overview and Level Annotations

Branches:
Dungeon (8/15)             Temple (0/1) D:4            Lair (0/6) D:8

Altars:
Fedhas
Gozag
Kikubaaqudgha
Okawaru
Qazlal
Ru
Sif Muna
Uskayaw
Vehumet
Wu Jian
Yredelemnul
Zin
The Shining One

Shops:
D:6 *

Annotations:
D:8 exclusion: oklob plant


Message History

You are too injured to fight recklessly!
You are too injured to fight recklessly!
You are too injured to fight recklessly!
You are too injured to fight recklessly!
You are too injured to fight recklessly!
You are too injured to fight recklessly!
You are too injured to fight recklessly!
You are too injured to fight recklessly!
You are too injured to fight recklessly!
You are too injured to fight recklessly!
You are too injured to fight recklessly!
You are too injured to fight recklessly!
You are too injured to fight recklessly!
The orc priest invokes the aid of Beogh against you.
Beogh smites you!
* * * LOW HITPOINT WARNING * * *
As you read the scroll of teleportation, it crumbles to dust.
You feel strangely unstable. You block the orc priest's attack.
The orc warrior hits you from afar with a glaive!!
You die...

# #########.# #
#######.############### #
###.....................# #
#.........############.##
#########.#.####### #.#
..........#.# #.# .........,#.#
#.# .........,#.########### #.#
.........,#.##..@ooo..# #.#
.........,#.##.######o########.#
.........,#.##.# #)#........#
.........,#.##.# #o#.########
.........<#.##.# #o#.#
.........,#....# #o#.#
########*,######****#.#.#########
*,,,,,,,,,,,..#.)...)..<#
************#############


You could see an orc warrior, an orc priest and 2 orcs.

Vanquished Creatures
  A two-headed ogre (D:8)
  Pikel (D:7)
  A spriggan (D:7)
  A hungry ghost (D:8)
  A water moccasin (D:5)
  4 slaves (D:7)
  An eye of draining (D:8)
  An ice beast (D:8)
  2 ogres
  3 wolves (D:8)
  A centaur (D:7)
  A bullfrog (D:6)
  2 elf skeletons (D:8)
  A scorpion (D:8)
  4 electric eels (D:8)
  A howler monkey (D:6)
  A crimson imp (D:5)
  2 bullfrog zombies (D:4)
  3 centaur zombies
  5 hounds
  A jelly (D:6)
  3 orc priests
  2 centaur skeletons
  3 orc wizards
  2 iguanas
  A bullfrog skeleton (D:8)
  2 human skeletons (D:8)
  6 worker ants
  2 hound skeletons
  12 mummies (Ossuary)
  A worker ant zombie (D:4)
  Robin (D:2)
  5 gnolls
  11 adders
  An adder zombie (D:4)
  2 worms
  3 leopard geckos
  21 orcs
  7 giant cockroaches
  9 hobgoblins
  7 jackals
  4 quokkas
  2 ball pythons (D:1)
  9 bats
  5 frilled lizards
  2 gnoll skeletons (Ossuary)
  23 goblins
  4 goblin skeletons (Ossuary)
  11 kobolds
  4 orc skeletons
  A quokka skeleton (D:4)
  2 quokka zombies
  11 rats
  11 rat skeletons (Ossuary)
228 creatures vanquished.

Vanquished Creatures (others)
  An orc wizard (D:4)
1 creature vanquished.

Grand Total: 229 creatures vanquished

Notes
Turn   | Place    | Note
-------+----------+-------------------------------------------
     0 | D:1      | galech the Human Fighter began the quest for the Orb.
     0 | D:1      | Reached XP level 1. HP: 18/18 MP: 1/1
   161 | D:1      | Reached XP level 2. HP: 20/24 MP: 2/2
   466 | D:1      | Reached XP level 3. HP: 29/29 MP: 3/3
   935 | D:2      | Reached XP level 4. HP: 35/35 MP: 4/4
   945 | D:2      | Reached skill level 3 in Axes
  1215 | D:2      | Found a faded altar of an unknown god.
  1303 | D:2      | Found a glowing silver altar of Zin.
  1474 | D:2      | Noticed Robin
  1496 | D:2      | Killed Robin
  1499 | D:2      | Reached XP level 5. HP: 36/41 MP: 5/5
  2241 | D:3      | Reached skill level 1 in Dodging
  2245 | D:3      | Reached skill level 4 in Axes
  2245 | D:3      | Reached XP level 6. HP: 27/48 MP: 6/6
  2759 | D:3      | Found an iron altar of Okawaru.
  2770 | D:3      | Became a worshipper of Warmaster Okawaru
  3107 | D:4      | Noticed an ogre
  3123 | D:4      | Killed an ogre
  3123 | D:4      | Reached XP level 7. HP: 39/54 MP: 7/7
  3571 | D:4      | Found a staircase to the Ecumenical Temple.
  3824 | D:4      | Found a blossoming altar of Fedhas.
  4038 | D:4      | Reached * piety under Okawaru
  4038 | D:4      | Reached skill level 5 in Axes
  4591 | D:5      | Entered Level 5 of the Dungeon
  4745 | D:5      | Noticed a water moccasin
  4756 | D:5      | Killed a water moccasin
  5077 | D:5      | Reached XP level 8. HP: 60/60 MP: 8/8
  5593 | D:5      | Reached skill level 6 in Axes
  5744 | D:5      | You fall through a shaft!
  5752 | D:6      | Got a transparent copper ring
  5760 | D:5      | Identified the ring "Piug" {Wiz rElec rF+ rN+ Dex+3} (You found it on level 6 of the Dungeon)
  6299 | D:6      | Found a stormy altar of Qazlal.
  6487 | D:6      | Found Ikhiurack's General Store.
  7001 | D:7      | Reached skill level 5 in Shields
  7183 | D:7      | Found a sacrificial altar of Ru.
  7232 | D:7      | Found a glowing silver altar of Zin.
  7375 | D:7      | Noticed Pikel
  7562 | D:7      | Noticed a spriggan baker
  7604 | D:7      | Killed a spriggan baker
  7604 | D:7      | Reached skill level 5 in Fighting
  7604 | D:7      | Reached skill level 7 in Axes
  7604 | D:7      | Reached skill level 5 in Armour
  7609 | D:7      | Reached XP level 9. HP: 61/68 MP: 9/9
  7633 | D:7      | Killed Pikel
  7633 | D:7      | Reached ** piety under Okawaru
  7633 | D:7      | Reached skill level 8 in Axes
  8555 | D:8      | Found a sand-covered staircase.
  8600 | Ossuary  | Entered an ossuary
  9222 | D:8      | Reached skill level 1 in Invocations
  9273 | D:8      | Noticed a two-headed ogre
  9289 | D:8      | Killed a two-headed ogre
  9289 | D:8      | Reached *** piety under Okawaru
  9289 | D:8      | Reached XP level 10. HP: 9/76 MP: 8/11
  9607 | D:8      | Found a basalt altar of Yredelemnul.
  9619 | D:8      | Noticed an oklob plant
  9921 | D:8      | Found an ancient bone altar of Kikubaaqudgha.
  9958 | D:8      | Found a staircase to the Lair.
 10435 | D:8      | Reached **** piety under Okawaru
 10671 | D:8      | Found a radiant altar of Vehumet.
 10671 | D:8      | Found a deep blue altar of Sif Muna.
 10673 | D:8      | Found an opulent altar of Gozag.
 10673 | D:8      | Found a hide-covered altar of Uskayaw.
 10673 | D:8      | Found an ornate altar of the Wu Jian Council.
 10673 | D:8      | Found a glowing golden altar of the Shining One.
 10824 | D:8      | Mangled by an orc warrior

Vault maps used:
D:1:      onia_arrival_mini_maze_b
D:2:      old_standard_altar, chequers_ecumenical_altar_simple_redux,
          st_stairs_1, corexii_shack, uniq_robin
D:3:      okawaru_gym_becter, minmay_fountain_box
D:4:      lemuel_coloured_pillars_altar, minmay_temple_entry_metal_lava,
          serial_undead, serial_undead_e, serial_undead_c, serial_undead_f,
          serial_undead_f, first_ration, minmay_misc_feat_pillars
D:5:      serial_co_window_serial, co_window_of_opportunity_a,
          co_window_paths_b, co_window_corner_a, co_window_of_opportunity_a,
          co_window_paths_b, co_window_paths_c, co_window_corner_b,
          co_window_cross_3, co_window_cross_2, co_window_cross_3,
          co_window_corner_b, co_window_sun, co_window_4corner_b,
          glass_columns_b, glass_columns_a, glass_columns_b
D:6:      lemuel_crystal_altar, serial_shops, shop
D:7:      nicolae_ru_great_annihilating_truth, basic_altar, the_bakery,
          uniq_pikel
D:8:      grunt_temple_overflow_open, lemuel_doored_altar, erik_lair_island,
          nicolae_ossuary_entry_catacombs, lemuel_oklob_altar
Ossuary:  ossuary_due_small_catacomb

Skill      XL: |  1  2  3  4  5  6  7  8  9 10 |
---------------+-------------------------------+-----
Axes           | 3 4 5 7 8 |  8.9
Dodging        | 1 2 3 |  3.8
Shields        | 4 5 6 |  6.8
Fighting       | 4 5 6 |  6.6
Armour         | 4 5 6 |  6.6
Invocations    | 2 3 |  3.3
Stealth        | |  0.4

Action                   |  1- 3 |  4- 6 |  7- 9 | 10-12 || total
-------------------------+-------+-------+-------+-------++-------
Melee: War axe           |   112 |   246 |   561 |   172 ||  1091
Invok: Heroism           |       |       |     2 |       ||     2
  Use: Scroll            |       |       |     8 |    10 ||    18
       Potion            |       |       |     3 |       ||     3
 Stab: Paralysed         |       |       |     1 |       ||     1
  Eat: Chunk             |       |     8 |    18 |     4 ||    30
       Ration            |       |       |     1 |     1 ||     2
Armor: Scale mail        |    52 |   114 |    10 |       ||   176
       Plate armour      |       |       |   230 |    92 ||   322
Dodge: Dodged            |    31 |    74 |    82 |    35 ||   222
Block: Shield            |    56 |   136 |   229 |    91 ||   512

Table legend:
 A = Spawn XP
 B = Non-spawn XP
 C = Spawn XP percentage of total XP
 D = Spawn monster count
 E = Non-spawn monster count
 F = Spawn count percentage of total count
 G = Total turns spent on level
                    A         B        C        D         E        F      G
               +---------+---------+-------+---------+---------+-------+---------
         Total |       0 |    5697 |   0.0 |       0 |     223 |   0.0 | 10824
               +---------+---------+-------+---------+---------+-------+---------
           D:1 |       0 |      68 |   0.0 |       0 |      35 |   0.0 |   910
           D:2 |       0 |     128 |   0.0 |       0 |      37 |   0.0 |  1213
           D:3 |       0 |     152 |   0.0 |       0 |      24 |   0.0 |   845
           D:4 |       0 |     491 |   0.0 |       0 |      22 |   0.0 |  1625
           D:5 |       0 |     419 |   0.0 |       0 |      10 |   0.0 |  1476
           D:6 |       0 |     330 |   0.0 |       0 |      15 |   0.0 |   840
           D:7 |       0 |    1237 |   0.0 |       0 |      15 |   0.0 |  1190
           D:8 |       0 |    2639 |   0.0 |       0 |      36 |   0.0 |  2137
       Ossuary |       0 |     233 |   0.0 |       0 |      29 |   0.0 |   588
               +---------+---------+-------+---------+---------+-------+---------
